Map: Dusk Towers

Players

ForeverGG

  • Race: Zerg Zerg
  • League: Diamond

LilDicky - Winner!

  • Race: Terran Terran
  • League: Diamond

VOD

http://www.twitch.tv/tumescentpie

Description

Time

  • Played on: Dec. 8, 2015, 9:57 p.m.
  • Length: 9:01
Show
View Real Time Build Order
Export as new Build Order

ForeverGG Zerg 

Build Orders: Hatch First 

Get SALT Encoding   

  12  0:01  Drone  
  13  0:12  Overlord  
  13  0:17  Drone  
  14  0:30  Drone x2  
  14  0:34  Drone  
  17  0:45  Drone  
  18  0:58  Drone  
  18  0:59  Hatchery  
  18  1:02  Extractor  
  17  1:06  Drone  
  18  1:19  Spawning Pool  
  18  1:20  Drone  
  18  1:28  Drone  
  19  1:38  Drone  
  20  1:49  Drone  
  21  2:07  Metabolic Boost  
  21  2:10  Overlord, Queen  
  21  2:11  Queen  
  25  2:17  Zergling x2  
  25  2:18  Zergling x2  
  27  2:25  Drone  
  27  2:29  Drone  
  29  2:32  Drone  
  30  2:40  Overlord  
  30  2:43  Drone  
  32  2:44  Drone  
  32  2:58  Drone x2  
  34  3:06  Lair, Extractor  
  34  3:07  Drone, Extractor  
  34  3:08  Drone  
  34  3:15  Zergling x2  
  34  3:16  Zergling x2  
  35  3:20  Overlord x2  
  35  3:26  Zergling x4  
  35  3:27  Zergling x4  
  38  3:37  Drone x2  
  40  3:45  Drone  
  40  3:46  Drone, Extractor  
  41  3:50  Overlord  
  41  3:53  Baneling Nest  
  40  3:58  Drone  
  40  4:03  Drone x3  
  40  4:04  Drone x3  
  46  4:12  Drone  
  46  4:13  Drone  
  47  4:18  Overlord  
  45  4:32  Overlord  
  44  4:44  Overlord  
  44  4:45  Overlord  
  43  4:55  Spine Crawler x2  
  43  4:58  Hatchery  
  43  4:59  Spire  
  39  5:08  Zergling x8  
  39  5:11  Drone x3  
  39  5:12  Drone  
  39  5:13  Drone  
  48  5:15  Drone  
  40  5:47  Zergling x4  
  40  5:48  Zergling x2  
  37  6:01  Drone  
  37  6:02  Drone x5, Queen  
  37  6:03  Drone, Queen  
  48  6:10  Zergling x2  
  49  6:15  Extractor  
  49  6:16  Extractor  
  46  6:18  Mutalisk  
  45  6:25  Mutalisk  
  47  6:33  Queen  
  47  6:38  Spine Crawler  
  47  6:39  Spine Crawler  
  45  6:47  Spire  
  45  6:52  Spire  
  43  7:02  Spine Crawler  
  43  7:03  Drone x3  
  43  7:04  Spine Crawler  
  43  7:08  Spine Crawler  
  43  7:13  Drone x3  
  46  7:28  Spine Crawler  
  45  7:33  Spine Crawler  
  20  8:11  Mutalisk x5  
Show
View Real Time Build Order
Export as new Build Order

LilDicky Terran - Winner!

Build Orders:  

Get SALT Encoding   

  12  0:01  SCV  
  13  0:13  SCV  
  14  0:17  Supply Depot  
  14  0:25  SCV  
  15  0:34  Refinery  
  15  0:41  SCV  
  16  0:46  Barracks  
  16  0:57  SCV  
  17  1:09  SCV  
  18  1:21  SCV  
  19  1:37  Marine  
  19  1:38  Refinery  
  19  1:39  Supply Depot  
  21  1:41  Orbital Command  
  20  2:08  SCV  
  21  2:10  Marine  
  21  2:13  Factory  
  22  2:18  Supply Depot  
  22  2:20  SCV  
  23  2:31  Marine  
  23  2:32  SCV  
  25  2:44  SCV  
  26  2:56  SCV, Armory  
  27  2:59  Factory Tech Lab, Starport  
  27  3:06  Marine  
  27  3:08  SCV  
  28  3:27  Marine  
  28  3:33  SCV  
  30  3:43  Medivac  
  30  3:44  Thor  
  30  3:46  Command Center, Marine  
  39  3:51  Supply Depot  
  39  3:56  Supply Depot  
  39  4:12  SCV  
  35  4:22  Liberator  
  35  4:24  SCV  
  35  4:40  Siege Tank  
  35  4:43  Marine  
  42  4:54  SCV  
  43  5:06  SCV  
  44  5:10  Command Center  
  44  5:12  Barracks Tech Lab  
  44  5:18  SCV  
  45  5:23  Refinery  
  45  5:30  SCV  
  46  5:43  SCV  
  50  6:00  SCV  
  50  6:01  Marine  
  52  6:05  Thor  
  52  6:07  Medivac  
  57  6:12  SCV  
  57  6:13  Barracks  
  57  6:15  Barracks  
  57  6:16  Barracks, Orbital Command  
  58  6:19  Marine  
  58  6:21  Supply Depot, Refinery  
  58  6:24  SCV  
  60  6:28  Orbital Command  
  60  6:36  Engineering Bay  
  60  6:40  SCV  
  60  6:42  Marine  
  62  6:50  SCV  
  63  7:00  Marine  
  64  7:03  Supply Depot  
  64  7:06  Marine  
  64  7:08  Marine x2  
  67  7:12  Missile Turret  
  67  7:13  Missile Turret  
  67  7:17  SCV  
  67  7:18  Marine  
  67  7:21  Missile Turret  
  69  7:24  Marine  
  69  7:26  Marine x2  
  71  7:43  Thor  
  71  8:02  Marine  
  74  8:05  Barracks Tech Lab  
  74  8:06  Barracks Reactor  
  74  8:12  Barracks Reactor  
Tags
 
Add a new tag
Caveats
  • Supply blocks, unpowered buildings, or Contaminate may cause inaccurate times.
  • Supply counts are checked every 10 seconds.